 Dungeon Crawl Stone Soup version 0.18.1-47-g9310371 (console) character file.

235171 Kloppie the Merfolkian Porcupine (level 19, -4/172 HPs)
             Began as a Merfolk Berserker on June 15, 2016.
             Was a High Priest of Trog.
             Shot with a bolt by a yaktaur captain (33 damage)
             ... on level 1 of the Vaults.
             The game lasted 01:09:49 (34896 turns).

Kloppie the Merfolkian Porcupine (MfBe)            Turns: 34896, Time: 01:09:50

Health: -4/172     AC: 18    Str: 18      XL:     19   Next: 16%
Magic:  22/22      EV: 33    Int:  4      God:    Trog [*****.]
Gold:   2115       SH:  5    Dex: 22 (23) Spells: 0 memorised, 18 levels left

rFire  + + .     SeeInvis +     a - +1 bardiche (flame)
rCold  . . .     Gourm    .     p - +4 ring mail of the Ant {rN+ Dex-4 Slay+3 SInv}
rNeg   + . .     Faith    .     (shield currently unavailable)
rPois  +         Spirit   .     P - +2 hat "Tax Zai" {Slay+5}
rElec  +         Dismiss  .     h - +1 cloak of Compression {rF+ SInv Stlth-}
rCorr  +         Reflect  +     f - +1 pair of gloves
SustAt .         Harm     .     t - +0 pair of boots
MR     +....                    S - +5 amulet of reflection
Stlth  ..........               N - ring "Ruvuod" {rCorr Dex+4}
                                W - ring of poison resistance

@: marked, somewhat resistant to hostile enchantments, extremely unstealthy
A: change form in water, swift swim, repulsion field 1, rugged brown scales 1,
agile 1, deterioration 1, dopey 1, fire resistance 1, high mp 2, sense
surroundings 1, screaming 1, electricity resistance
a: Berserk, Trog's Hand, Brothers in Arms, Burn Spellbooks, Renounce Religion
}: 2/15 runes: decaying, gossamer


You were on level 1 of the Vaults.
You worshipped Trog.
Trog was extremely pleased with you.
You were not hungry.

You visited 6 branches of the dungeon, and saw 33 of its levels.
You also visited: Ossuary.

You collected 4041 gold pieces.
You spent 1926 gold pieces at shops.

Inventory:

Hand Weapons
 a - a +1 bardiche of flaming (weapon)
 d - a +4 halberd of protection
 D - a +1 glaive of venom
Missiles
 R - 13 javelins (quivered)
Armour
 f - a +1 pair of gloves (worn)
 h - the +1 cloak of Compression (worn) {rF+ SInv Stlth-}
   (You found it on level 4 of the Spider Nest)

   It protects you from fire.
   It lets you see invisible.
   It makes you less stealthy.
 p - the +4 ring mail of the Ant (worn) {rN+ Dex-4 Slay+3 SInv}
   (You bought it in a shop on level 2 of the Orcish Mines)

   It affects your dexterity (-4).
   It affects your accuracy and damage with ranged weapons and melee attacks
   (+3).
   It protects you from negative energy.
   It lets you see invisible.
 t - a +0 pair of boots (worn)
 P - the +2 hat "Tax Zai" (worn) {Slay+5}
   (You found it on level 11 of the Dungeon)

   It affects your accuracy and damage with ranged weapons and melee attacks
   (+5).
Jewellery
 e - an uncursed amulet of guardian spirit
 l - an uncursed ring of protection from cold
 n - an uncursed ring of positive energy
 y - an uncursed ring of protection from fire
 E - an uncursed ring of flight
 N - the ring "Ruvuod" (right hand) {rCorr Dex+4}
   (You bought it in a shop on level 13 of the Dungeon)

   [ring of resist corrosion]

   It affects your dexterity (+4).
 S - a +5 amulet of reflection (around neck)
 W - a ring of poison resistance (left hand)
 X - an uncursed amulet of the gourmand
Wands
 K - a wand of disintegration (14/24)
Scrolls
 q - 5 scrolls of fog
 s - 6 scrolls of fear
 x - 4 scrolls of magic mapping
 F - 8 scrolls of identify
 G - 17 scrolls of remove curse
 H - 4 scrolls of enchant armour
 I - 8 scrolls of recharging
 J - 14 scrolls of teleportation
 Q - 2 scrolls of enchant weapon
Potions
 b - 5 potions of ambrosia
 i - 13 potions of curing
 j - 2 potions of haste
 k - 4 potions of heal wounds
 m - a potion of invisibility
 r - a potion of agility
 u - a potion of cure mutation
 z - 3 potions of might
 C - 6 potions of flight
 L - a potion of resistance
 T - 2 potions of cancellation
Comestibles
 c - 18 bread rations
 g - 3 slices of pizza
 o - a royal jelly
 v - 7 chunks of flesh
 w - 11 beef jerkies
 A - 6 meat rations


   Skills:
 + Level 19.5 Fighting
 O Level 27 Polearms
 - Level 5.0 Armour
 + Level 21.1 Dodging


You had 18 spell levels left.
You didn't know any spells.

Dungeon Overview and Level Annotations

Branches:
Dungeon (14/15)            Temple (0/1) D:4            Lair (8/8) D:8
  Swamp (4/4) Lair:3       Spider (4/4) Lair:6          Orc (2/2) D:12
    Elf (0/3) Orc:2        Vaults (1/5) D:14
  Slime: Lair:6-8

Altars:
Cheibriados
Fedhas
Makhleb
Nemelex Xobeh
Okawaru
Pakellas
Qazlal
Sif Muna
Trog
Xom
The Shining One

Shops:
D:7 [   D:8 [   D:10 %   D:11 =   D:13 ((=   Orc:2 [%%[

Annotations:
D:14 exclusion: Roxanne, Roxanne


Innate Abilities, Weirdness & Mutations

You revert to your normal form in water.
You are very nimble and swift while swimming.
You are surrounded by a mild repulsion field (EV +2).
You are partially covered in rugged brown scales (AC +1, +3% HP).
You are agile. (Dex +2)
Your body sometimes deteriorates upon taking damage.
You are dopey. (Int -2)
Your flesh is heat resistant.
You have a considerably increased reservoir of magic (+20% MP).
You passively map a small area around you.
You occasionally shout uncontrollably at your foes.
You are resistant to electric shocks.


Message History

You slice the harpy!! You burn the harpy.
You kill the harpy!
Trog accepts your kill.
Your skin stops crawling.
You feel less resistant to hostile enchantments.
The yaktaur unwields an uncursed arbalest.
You block the yaktaur's attack.
There is an open door, spattered with blood here.
Items here: (( ))))))) [[[ ÷ †† You slash the yaktaur!
You burn the yaktaur.
The yaktaur is moderately wounded.
The yaktaur misses you.
A yaktaur captain comes into view.
You hit the yaktaur but do no damage.
The yaktaur is moderately wounded.
You hit the yaktaur. You burn the yaktaur.
The yaktaur is heavily wounded.
The yaktaur captain wields an arbalest.
The yaktaur captain shoots a bolt.
The bolt hits you!!
You die...

..#)....#..# *#####** +
...........# ..... , , *
..#..))†#..# #...###.
.....†.†...# #...#.+. ,,
#######+###### ......
#.......(....# #...# , *
#[.......(...###...###
#(.....(..†.)')()....#
#............###@##############*
#............# #c).)..........#
#............# #..)...........#
#............# #...)..........#
............# #......(.......#
...........# #.......c......+
##+######## #..............#
#..............#
#######'########


You could see a yaktaur captain and a yaktaur.

Vanquished Creatures
  Agnes (Spider:4)
  A thorn hunter (Swamp:4)
  Kirke (Lair:5)
  A tengu reaver (D:12)
  A vault warden (Vaults:1)
  3 ghost moths (Spider:4)
  13 emperor scorpions
  Aizul (Spider:1)
  The ghost of Ery the Warrior, a journeyman MiBe of Trog (Orc:2)
  3 ironheart preservers (Vaults:1)
  A salamander stormcaller (Vaults:1)
  2 spark wasps
  Snorg (D:12)
  An ettin (Orc:2)
  A great orb of eyes (Vaults:1)
  8 vault guards (D:14)
  4 fire dragons
  The ghost of Zeloya the Martial Artist, a journeyman KoMo (Lair:3)
  16 hydras
  2 entropy weavers
  7 ogre magi
  Erolcha (D:8)
  A ghost crab (Swamp:4)
  Erica (Orc:1)
  3 centaur warriors
  6 alligators
  9 death yaks
  A deep troll earth mage (Vaults:1)
  The ghost of Gargoyl the Protected, a novice DsAK of Lugonu (Orc:2)
  A deep troll shaman (Vaults:1)
  A tengu warrior (D:13)
  A queen ant (Spider:1)
  An orc high priest (Orc:2)
  5 deep elf knights (Vaults:1)
  Urug (D:11)
  A spriggan druid (Swamp:4)
  3 unseen horrors
  A storm dragon skeleton (Vaults:1)
  3 skeletal warriors (D:12)
  3 deep trolls (Vaults:1)
  2 lindwurms (Swamp:4)
  4 swamp dragons
  3 hill giants
  2 ironbrand convokers (Vaults:1)
  2 orc knights
  3 shambling mangroves
  15 orb spiders
  8 harpies (Vaults:1)
  A manticore (D:11)
  2 griffons (Lair:7)
  A necromancer (Vaults:1)
  3 orc sorcerers
  4 deep elf magi (Vaults:1)
  2 cyclopes
  28 wolf spiders
  3 hornets (Spider:4)
  7 ugly things
  Joseph (D:7)
  23 elephants
  A human skeleton (Vaults:1)
  Maurice (D:12)
  2 vault sentinels (Vaults:1)
  2 black mambas
  2 moths of wrath
  4 centaur skeletons
  12 spiny frogs
  A yaktaur zombie (Vaults:1)
  2 gargoyles
  5 komodo dragons
  6 yaktaurs (Vaults:1)
  A rime drake (Lair:5)
  14 demonic crawlers
  4 polar bears
  A tengu conjurer (D:13)
  3 giant leeches
  2 trolls
  30 jumping spiders
  A jumping spider (shapeshifter) (Vaults:1)
  12 slime creatures
  A boulder beetle (Spider:1)
  A slime creature (shapeshifter) (Vaults:1)
  6 two-headed ogres
  Prince Ribbit (D:7)
  13 blink frogs
  Grinder (D:6)
  4 bog bodies (Swamp:1)
  49 redbacks
  A water elemental (D:13)
  2 spriggans
  29 tarantellas
  A wyvern (D:10)
  2 wraiths (Orc:2)
  3 fire bats
  47 yaks
  8 hippogriffs
  Eustachio (D:6)
  3 steam dragons (Swamp:4)
  4 basilisks
  A hippogriff (shapeshifter) (D:14)
  2 hungry ghosts
  2 wargs (Orc:1)
  7 vampire mosquitoes
  7 insubstantial wisps
  27 soldier ants
  Menkaure (D:7)
  Duvessa (D:4)
  15 swamp worms
  5 mottled dragons
  10 water moccasins
  8 porcupines
  23 orc warriors
  5 ice beasts
  7 swamp drakes
  18 wasps
  9 sky beasts
  32 ogres
  2 necrophages
  17 wolves
  12 centaurs
  8 crocodiles
  2 big kobolds
  Blork the orc (D:4)
  18 giant frogs
  Dowan (D:4)
  2 boulder beetle zombies (Vaults:1)
  13 wights
  7 killer bees
  24 scorpions
  5 howler monkeys
  7 crimson imps
  6 centaur zombies
  3 quasits
  4 giant frog skeletons
  6 hounds
  2 jellies
  28 orc wizards
  13 orc priests
  7 iguanas
  4 hell rats (Lair:7)
  16 worker ants
  16 sheep
  A big kobold zombie (Ossuary)
  2 hound zombies (D:4)
  3 hound skeletons
  8 mummies (Ossuary)
  2 howler monkey zombies
  3 worker ant zombies
  4 gnolls (D:7)
  10 adders
  55 river rats
  2 shadow imps
  An adder zombie (D:4)
  2 adder skeletons (D:4)
  3 worms
  2 dart slugs (D:2)
  3 giant geckos
  56 orcs
  4 giant cockroaches
  8 goblins
  5 hobgoblins
  15 jackals
  8 quokkas
  3 ball pythons
  A ball python zombie (D:4)
  5 bats
  A giant cockroach zombie (D:4)
  A giant gecko skeleton (D:7)
  A giant gecko zombie (D:4)
  4 giant newts
  2 hobgoblin zombies (Ossuary)
  A jackal zombie (D:4)
  16 kobolds
  A kobold zombie (Ossuary)
  4 orc zombies (Ossuary)
  17 rats
  2 briar patches (Swamp:4)
  A bush (Lair:8)
  A fire vortex (Swamp:4)
1173 creatures vanquished.

Vanquished Creatures (collateral kills)
  The ghost of Genou the Peltast, an adept FoEE of Okawaru (Spider:3)
  Asterion (Spider:1)
  Donald (Orc:2)
  Maud (Orc:2)
  An emperor scorpion (Spider:3)
  The ghost of Squonk the Eclecticist, a journeyman DEIE of Sif Muna (Orc:2)
  The ghost of Ery the Warrior, a journeyman MiBe of Trog (Orc:2)
  Josephine (Orc:2)
  An entropy weaver (Spider:1)
  An ogre mage (Vaults:1)
  2 orc high priests (Orc:2)
  A deep elf archer (Vaults:1)
  2 harpies (Vaults:1)
  An ironbrand convoker (Vaults:1)
  7 wolf spiders
  4 orc knights
  2 orb spiders (Spider:4)
  An orc sorcerer (Orc:2)
  An elephant (Lair:5)
  2 demonic crawlers
  3 yaktaurs (Vaults:1)
  3 jumping spiders
  4 redbacks
  5 tarantellas
  A wraith (Orc:2)
  A water moccasin (Lair:4)
  3 orc warriors (Orc:2)
  An ogre (D:12)
  9 scorpions (Spider:3)
  A crimson imp (D:12)
  3 orc priests (Orc:2)
  3 orc wizards (Orc:2)
  4 orcs (Orc:2)
74 creatures vanquished.

Vanquished Creatures (others)
  A swamp dragon (Swamp:4)
  A deep elf archer (Vaults:1)
  A lindwurm (Swamp:4)
  2 humans (Lair:5)
  2 swamp drakes (Swamp:4)
  An orc priest (D:4)
  A sheep (Lair:5)
  A briar patch (Swamp:4)
  6 fungi
  A plant (Lair:6)
17 creatures vanquished.

Grand Total: 1264 creatures vanquished

Notes
Turn   | Place    | Note
--------------------------------------------------------------
     0 | D:1      | Kloppie the Merfolk Berserker began the quest for the Orb.
     0 | D:1      | Reached XP level 1. HP: 18/18 MP: 1/1
    77 | D:1      | Reached skill level 5 in Polearms
    77 | D:1      | Reached XP level 2. HP: 23/24 MP: 2/2
   433 | D:1      | Reached XP level 3. HP: 20/29 MP: 3/3
  1064 | D:2      | Reached ** piety under Trog
  1503 | D:2      | Reached skill level 6 in Polearms
  1503 | D:2      | Reached XP level 4. HP: 30/37 MP: 4/4
  2510 | D:3      | Found an oddly glowing altar of Pakellas.
  2546 | D:3      | Found a glowing golden altar of the Shining One.
  2547 | D:3      | Found a snail-covered altar of Cheibriados.
  2562 | D:3      | Found a bloodstained altar of Trog.
  2565 | D:3      | Found an iron altar of Okawaru.
  2565 | D:3      | Found a blossoming altar of Fedhas.
  2566 | D:3      | Found a deep blue altar of Sif Muna.
  2763 | D:3      | Noticed a giant frog
  2769 | D:3      | Killed a giant frog
  2769 | D:3      | Reached skill level 7 in Polearms
  2769 | D:3      | Reached XP level 5. HP: 42/42 MP: 5/5
  2885 | D:3      | Reached *** piety under Trog
  3268 | D:4      | Found a shimmering altar of Xom.
  3289 | D:4      | Reached XP level 6. HP: 39/49 MP: 6/6
  3460 | D:4      | Noticed Duvessa
  3460 | D:4      | Noticed Dowan
  3475 | D:4      | Killed Duvessa
  3475 | D:4      | Reached skill level 5 in Fighting
  3475 | D:4      | Reached skill level 8 in Polearms
  3475 | D:4      | Reached skill level 5 in Dodging
  3483 | D:4      | Found a staircase to the Ecumenical Temple.
  3485 | D:4      | Killed Dowan
  3485 | D:4      | Reached XP level 7. HP: 56/56 MP: 7/7
  3562 | D:4      | Noticed Blork the orc
  3579 | D:4      | Killed Blork the orc
  3586 | D:4      | Reached skill level 9 in Polearms
  3923 | D:5      | Entered Level 5 of the Dungeon
  4323 | D:5      | Reached XP level 8. HP: 36/64 MP: 8/8
  4514 | D:5      | Found a sand-covered staircase.
  4524 | Ossuary  | Entered an ossuary
  4566 | Ossuary  | Reached skill level 10 in Polearms
  4776 | Ossuary  | Reached skill level 18 in Polearms
  4776 | Ossuary  | Reached XP level 9. HP: 69/69 MP: 9/9
  5187 | D:6      | Noticed Grinder
  5197 | D:6      | Killed Grinder
  5209 | D:6      | Got a clouded emerald amulet
  5211 | D:6      | Noticed Eustachio
  5220 | D:6      | Killed Eustachio
  5222 | D:6      | Identified the amulet "Afueguad" {Inacc rPois rF- rC+} (You found it on level 6 of the Dungeon)
  5576 | D:7      | Noticed Joseph
  6153 | D:7      | Killed Joseph
  6153 | D:7      | Reached skill level 19 in Polearms
  6238 | D:7      | Reached XP level 10. HP: 60/77 MP: 10/10
  6401 | D:7      | Noticed Menkaure
  6407 | D:7      | Killed Menkaure
  6514 | D:7      | Found Sijaow's Antique Armour Boutique.
  6531 | D:7      | Bought a runed scale mail for 112 gold pieces
  6531 | D:7      | Bought a shiny scale mail for 112 gold pieces
  6640 | D:7      | Noticed Prince Ribbit
  6647 | D:7      | Killed Prince Ribbit
  7330 | D:8      | Reached **** piety under Trog
  7410 | D:8      | Found a staircase to the Lair.
  7411 | D:8      | Noticed a death yak
  7414 | D:8      | Noticed a death yak
  7439 | D:8      | Killed a death yak
  7463 | D:8      | Killed a death yak
  7472 | D:8      | Reached XP level 11. HP: 51/86 MP: 11/11
  8140 | D:8      | Reached skill level 20 in Polearms
  8285 | D:8      | Noticed Erolcha
  8308 | D:8      | Killed Erolcha
  8427 | D:8      | Found Gatac's Antique Armour Shoppe.
  8839 | Lair:1   | Entered Level 1 of the Lair of Beasts
  8882 | Lair:1   | Received a gift from Trog
  8894 | Lair:1   | Reached skill level 10 in Dodging
  9474 | Lair:2   | You fall through a shaft!
  9523 | Lair:3   | Reached skill level 10 in Fighting
  9705 | Lair:3   | Found a staircase to the Swamp.
 10083 | Lair:3   | Noticed Zeloya's ghost (journeyman KoMo)
 10100 | Lair:3   | Killed Zeloya's ghost
 10169 | Lair:2   | Reached XP level 12. HP: 98/98 MP: 12/12
 10200 | Lair:2   | Reached ***** piety under Trog
 10502 | Lair:2   | Found a sparkling altar of Nemelex Xobeh.
 10780 | Lair:4   | Noticed a death yak
 10780 | Lair:4   | Noticed a death yak
 10790 | Lair:4   | Noticed a death yak
 10802 | Lair:4   | Killed a death yak
 10815 | Lair:4   | Killed a death yak
 10824 | Lair:4   | Killed a death yak
 10991 | Lair:4   | Noticed a death yak
 11008 | Lair:4   | Killed a death yak
 11736 | Lair:4   | Noticed a death yak
 11737 | Lair:4   | Noticed a death yak
 11737 | Lair:4   | Noticed a death yak
 11759 | Lair:4   | Killed a death yak
 11769 | Lair:4   | Killed a death yak
 11784 | Lair:4   | Killed a death yak
 12015 | Lair:5   | Reached XP level 13. HP: 87/109 MP: 13/13
 12342 | Lair:5   | Noticed Kirke
 12360 | Lair:5   | Killed Kirke
 12640 | Lair:5   | Reached skill level 15 in Dodging
 13327 | Lair:5   | Gained mutation: You regenerate slowly when monsters are visible. [potion of mutation]
 13327 | Lair:5   | Gained mutation: You are surrounded by a mild repulsion field (EV +2). [potion of mutation]
 13327 | Lair:5   | Gained mutation: You are agile. (Dex +2) [potion of mutation]
 13328 | Lair:5   | Gained mutation: Your muscles are strong. (Str +2) [potion of mutation]
 13328 | Lair:5   | Gained mutation: Your mind is acute. (Int +2) [potion of mutation]
 13934 | Lair:6   | Found a hole to the Spider Nest.
 14536 | Lair:7   | Reached XP level 14. HP: 81/121 MP: 14/14
 15664 | Lair:8   | Entered Level 8 of the Lair of Beasts
 16144 | D:9      | Reached ****** piety under Trog
 16397 | D:9      | Received a gift from Trog
 16569 | D:10     | Entered Level 10 of the Dungeon
 16829 | D:10     | Reached skill level 15 in Fighting
 16903 | D:10     | Found Boamibb's Food Emporium.
 17327 | D:11     | Got a polished hat
 17338 | D:11     | Identified the +2 hat "Tax Zai" {Slay+5} (You found it on level 11 of the Dungeon)
 17377 | D:11     | Noticed Urug
 17382 | D:11     | Killed Urug
 17667 | D:11     | Found Viomott's Jewellery Shop.
 17674 | D:11     | Bought an uncursed ring of poison resistance for 240 gold pieces
 17674 | D:11     | Bought an uncursed amulet of the gourmand for 360 gold pieces
 17720 | D:11     | Found an iron altar of Okawaru.
 17776 | D:11     | Found a blossoming altar of Fedhas.
 18066 | D:12     | Noticed Snorg
 18073 | D:12     | Killed Snorg
 18090 | D:12     | Lost mutation: Your muscles are strong. (Str +2) [mutagenic meat]
 18091 | D:12     | Gained mutation: You are very agile. (Dex +4) [mutagenic meat]
 18183 | D:12     | Found a burning altar of Makhleb.
 18183 | D:12     | Found a stormy altar of Qazlal.
 18204 | D:12     | Received a gift from Trog
 18205 | D:12     | Noticed a tengu reaver
 18233 | D:12     | Killed a tengu reaver
 18571 | D:12     | Reached skill level 21 in Polearms
 18772 | D:12     | Noticed Maurice
 18778 | D:12     | Killed Maurice
 18793 | D:12     | Found a staircase to the Orcish Mines.
 19268 | D:13     | Found Leciyrie's Jewellery Shoppe.
 19290 | D:13     | Bought a cursed amulet of inaccuracy for 24 gold pieces
 19465 | D:13     | Reached XP level 15. HP: 103/129 MP: 15/15
 19618 | D:13     | Found Rowihink's Antique Weapon Emporium.
 19682 | D:13     | Found Edehogud's Antique Weapon Boutique.
 20796 | D:14     | Found a gate to the Vaults.
 21035 | D:14     | Noticed Roxanne
 21183 | D:14     | Reached skill level 22 in Polearms
 21334 | Orc:1    | Entered Level 1 of the Orcish Mines
 21522 | Orc:2    | Entered Level 2 of the Orcish Mines
 21532 | Orc:2    | Noticed Ery's ghost (journeyman MiBe)
 21556 | Orc:2    | Killed Ery's ghost
 21884 | Orc:2    | Found a staircase to the Elven Halls.
 21934 | Orc:2    | Received a gift from Trog
 21970 | Orc:2    | Noticed Maud
 21978 | Orc:2    | Killed Maud
 21980 | Orc:2    | Noticed Donald
 21990 | Orc:2    | Killed Donald
 21997 | Orc:2    | Noticed Gargoyl's ghost (novice DsAK)
 22003 | Orc:2    | Killed Gargoyl's ghost
 22331 | Orc:2    | Noticed Squonk's ghost (journeyman DEIE)
 22355 | Orc:2    | Killed Squonk's ghost
 22363 | Orc:2    | Noticed Josephine
 22368 | Orc:2    | Killed Josephine
 22378 | Orc:2    | Noticed Ery's ghost (journeyman MiBe)
 22384 | Orc:2    | Killed Ery's ghost
 22571 | Orc:2    | Found Ronisk's Food Shop.
 22571 | Orc:2    | Found Enus's Antique Armour Emporium.
 22574 | Orc:2    | Found Dipree's Food Emporium.
 22574 | Orc:2    | Found Zot Apnu's Armour Shop.
 22607 | Orc:2    | Bought the +4 ring mail of the Ant {rN+ Dex-4 Slay+3 SInv} for 654 gold pieces
 22891 | Orc:1    | Noticed Erica
 22903 | Orc:1    | Killed Erica
 22903 | Orc:1    | Received a gift from Trog
 23305 | Swamp:1  | Entered Level 1 of the Swamp
 23769 | Swamp:1  | Reached XP level 16. HP: 134/139 MP: 16/16
 23825 | Swamp:1  | Reached skill level 23 in Polearms
 24085 | Swamp:1  | Reached skill level 5 in Armour
 25410 | Swamp:4  | Entered Level 4 of the Swamp
 25502 | Swamp:3  | Received a gift from Trog
 26216 | Swamp:4  | Reached skill level 24 in Polearms
 26735 | Swamp:4  | Got a decaying rune of Zot
 26752 | Swamp:4  | Noticed a thorn hunter
 26763 | Swamp:4  | Killed a thorn hunter
 27106 | Spider:1 | Entered Level 1 of the Spider Nest
 27729 | Spider:1 | Noticed Aizul
 27749 | Spider:1 | Killed Aizul
 27784 | Spider:1 | Received a gift from Trog
 27942 | Spider:1 | Gained mutation: You passively map a small area around you. [mutagenic meat]
 27943 | Spider:1 | Lost mutation: You are very agile. (Dex +4) [mutagenic meat]
 27944 | Spider:1 | Gained mutation: You are partially covered in rugged brown scales (AC +1, +3% HP). [mutagenic meat]
 27945 | Spider:1 | Gained mutation: You have an increased reservoir of magic (+10% MP). [mutagenic meat]
 27947 | Spider:1 | Lost mutation: Your mind is acute. (Int +2) [mutagenic meat]
 28046 | Spider:1 | Reached XP level 17. HP: 151/151 MP: 18/18
 28162 | Spider:1 | Noticed Asterion
 28176 | Spider:1 | Killed Asterion
 29207 | D:13     | Bought the ring "Ruvuod" {rCorr Dex+4} for 424 gold pieces
 29470 | Spider:2 | Reached skill level 25 in Polearms
 29516 | Spider:2 | Got a faintly humming ring mail
 29519 | Spider:2 | Identified the +3 ring mail "Ikouqed" {MR+} (You found it on level 2 of the Spider Nest)
 29558 | Spider:2 | Received a gift from Trog
 30093 | Spider:3 | Lost mutation: You regenerate slowly when monsters are visible. [potion of mutation]
 30095 | Spider:3 | Noticed Genou's ghost (adept FoEE)
 30110 | Spider:3 | Killed Genou's ghost
 30923 | Spider:3 | Received a gift from Trog
 31112 | Spider:4 | Entered Level 4 of the Spider Nest
 31116 | Spider:4 | Noticed Agnes
 31128 | Spider:4 | Killed Agnes
 31247 | Spider:4 | Reached skill level 26 in Polearms
 31302 | Spider:4 | Reached XP level 18. HP: 90/161 MP: 13/19
 32039 | Spider:4 | Got a jewelled cloak
 32040 | Spider:4 | Identified the +1 cloak of Compression {rF+ SInv Stlth-} (You found it on level 4 of the Spider Nest)
 32138 | Spider:3 | Received a gift from Trog
 32773 | Spider:4 | Gained mutation: You occasionally shout uncontrollably at your foes. [mutagenic meat]
 32774 | Spider:4 | Gained mutation: You are weak. (Str -2) [mutagenic meat]
 32776 | Spider:4 | Gained mutation: You are resistant to electric shocks. [mutagenic meat]
 32777 | Spider:4 | Gained mutation: Your flesh is heat resistant. [mutagenic meat]
 33055 | Spider:4 | Got a gossamer rune of Zot
 33510 | Vaults:1 | Entered Level 1 of the Vaults
 33516 | Vaults:1 | Received a gift from Trog
 33987 | Vaults:1 | Reached skill level 27 in Polearms
 34439 | Vaults:1 | Received a gift from Trog
 34770 | Vaults:1 | Gained mutation: You have a considerably increased reservoir of magic (+20% MP). [mutagenic meat]
 34773 | Vaults:1 | Gained mutation: Your body sometimes deteriorates upon taking damage. [mutagenic meat]
 34774 | Vaults:1 | Gained mutation: You are dopey. (Int -2) [mutagenic meat]
 34784 | Vaults:1 | Lost mutation: You are weak. (Str -2) [mutagenic meat]
 34804 | Vaults:1 | Reached XP level 19. HP: 165/172 MP: 22/22
 34873 | Vaults:1 | Received a gift from Trog
 34896 | Vaults:1 | Shot with a bolt by a yaktaur captain

Skill      XL: |  1  2  3  4  5  6  7  8  9 10 11 12 13 14 15 16 17 18 19 |
---------------+----------------------------------------------------------+-----
Polearms       | 5 6 7 8 9 18 19 20 21 22 24 26 27 | 27.0
Dodging        | 3 4 5 6 7 8 11 14 16 17 18 19 20 21 | 21.1
Fighting       | 4 5 6 7 10 12 14 15 16 17 18 19 | 19.5
Armour         | 2 4 5 |  5.0

Action                   |  1- 3 |  4- 6 |  7- 9 | 10-12 | 13-15 | 16-18 | 19-21 || total
-------------------------+-------+-------+-------+-------+-------+-------+-------++-------
Melee: Spear             |   152 |   265 |   192 |       |       |       |       ||   609
       Tailslap          |     1 |       |       |       |     6 |    13 |       ||    20
       Glaive            |       |       |   118 |   777 |   640 |       |       ||  1535
       Trident           |       |       |       |       |    30 |       |       ||    30
       Bardiche          |       |       |       |       |   728 |  1381 |    55 ||  2164
Invok: Berserk           |     1 |     2 |     3 |     2 |     6 |     4 |     1 ||    19
       Trog's Hand       |       |     1 |     4 |     6 |     9 |    11 |     1 ||    32
       Brothers in Arms  |       |       |       |     2 |     8 |     8 |     2 ||    20
  Use: Scroll            |       |       |    20 |     7 |     9 |     7 |       ||    43
       Potion            |       |       |     1 |     4 |     2 |     2 |       ||     9
 Stab: Sleeping          |     2 |       |     1 |     3 |    11 |       |       ||    17
       Distracted        |       |       |       |     2 |     9 |     5 |       ||    16
       Held in net/web   |       |       |       |       |       |     1 |       ||     1
  Eat: Chunk             |     2 |     8 |     6 |    15 |    58 |    36 |       ||   125
       Meat ration       |       |       |     2 |     1 |       |     6 |       ||     9
       Beef jerky        |       |       |     1 |       |       |       |       ||     1
       Fruit             |       |       |       |       |     1 |       |       ||     1
       Royal jelly       |       |       |       |       |       |     2 |       ||     2
Armor: Animal skin       |     3 |    12 |       |       |       |       |       ||    15
       Leather armour    |       |    56 |    75 |    98 |   204 |       |       ||   433
       Skin              |       |       |       |     2 |       |       |       ||     2
       Ring mail         |       |       |       |       |     9 |   300 |    13 ||   322
Dodge: Dodged            |    54 |   178 |   195 |   480 |  1337 |  1785 |   104 ||  4133
Block: Other             |       |       |       |       |    56 |    46 |    17 ||   119
       Reflection        |       |       |       |       |     2 |     3 |     2 ||     7
